Map: Emerald City LE

Players

Throwfordays - Winner!

  • Race: Protoss Protoss
  • League: Silver
  • Spawn Location: 5:00

Cthulhu - Winner!

  • Race: Terran Terran
  • Spawn Location: 5:00

Squall

  • Race: Terran Terran
  • League: Gold
  • Spawn Location: 11:00

ZedsDead

  • Race: Terran Terran
  • League: Platinum
  • Spawn Location: 11:00

VOD

Have the link to the VOD?

Description

Time

  • Played on: April 22, 2019, 4:15 p.m.
  • Length: 22:27
Show
View Real Time Build Order
Export as new Build Order

Throwfordays Protoss - Winner!

Build Orders: 1 Gate Expand, Carriers 

Get SALT Encoding   

  12  0:00  Probe  
  13  0:19  Pylon  
  13  0:25  Probe  
  14  0:37  Probe  
  14  0:40  Gateway  
  15  1:00  Probe  
  16  1:12  Probe  
  16  1:15  Nexus  
  17  1:21  Assimilator  
  17  1:39  Cybernetics Core  
  17  1:48  Probe  
  18  1:56  Probe  
  18  1:57  Assimilator  
  19  2:01  Pylon  
  19  2:05  Probe  
  20  2:18  Probe  
  21  2:23  Probe  
  22  2:30  Probe  
  22  2:31  Pylon, Probe  
  22  2:35  Adept  
  22  2:36  Warp Gate  
  26  2:41  Probe  
  26  2:42  Probe  
  28  2:48  Gateway  
  28  2:53  Pylon  
  28  3:04  Shield Battery  
  28  3:11  Shield Battery  
  28  3:21  Robotics Facility  
  28  3:23  Probe  
  28  3:25  Probe  
  30  3:35  Probe  
  30  3:37  Probe  
  32  3:42  Forge  
  32  3:45  Probe  
  32  3:46  Probe  
  33  3:53  Probe  
  33  3:54  Probe  
  34  4:00  Assimilator  
  34  4:02  Probe  
  36  4:03  Assimilator  
  36  4:04  Probe  
  38  4:13  Immortal  
  42  4:24  Pylon  
  42  4:33  Stargate  
  42  4:36  Stargate  
  42  4:38  Probe x2  
  44  4:45  Immortal  
  44  4:50  Probe x2  
  50  5:01  Protoss Ground Weapons Level 1  
  50  5:02  Probe  
  50  5:03  Probe  
  52  5:15  Probe  
  52  5:16  Probe  
  52  5:18  Protoss Air Weapons Level 1  
  54  5:27  Probe  
  55  5:34  Nexus  
  55  5:36  Assimilator  
  55  5:41  Assimilator  
  55  5:44  Pylon, Void Ray  
  55  5:45  Void Ray  
  55  5:47  Pylon  
  63  6:03  Probe  
  64  6:06  Probe  
  65  6:15  Probe  
  65  6:18  Probe  
  67  6:27  Void Ray, Probe  
  67  6:28  Void Ray  
  67  6:30  Probe  
  77  6:48  Probe  
  78  6:56  Probe x2  
  78  6:59  Probe  
  81  7:03  Fleet Beacon  
  81  7:06  Probe  
  81  7:07  Pylon  
  81  7:08  Probe  
  82  7:11  Probe  
  84  7:17  Stargate  
  84  7:18  Probe  
  84  7:20  Probe  
  84  7:22  Stargate  
  86  7:24  Protoss Shields Level 1, Probe  
  86  7:27  Twilight Council  
  87  7:30  Probe  
  87  7:32  Probe  
  87  7:36  Probe  
  90  7:37  Robotics Bay  
  90  7:44  Observer, Probe  
  90  7:48  Probe  
  93  7:56  Probe  
  84  8:03  Probe  
  84  8:04  Probe  
  86  8:06  Observer  
  86  8:08  Photon Cannon  
  86  8:10  Photon Cannon  
  88  8:14  Photon Cannon, Probe  
  88  8:15  Probe  
  88  8:19  Carrier x2  
  102  8:26  Probe  
  103  8:27  Probe  
  104  8:44  Pylon  
  104  8:45  Pylon  
  104  8:47  Pylon  
  104  8:49  Pylon  
  104  8:50  Pylon  
  104  8:53  Pylon  
  104  8:56  Pylon  
  104  9:02  Carrier x2  
  116  9:04  Cybernetics Core  
  116  9:11  Protoss Air Weapons Level 2  
  116  9:23  Carrier x2  
  128  9:35  Charge  
  128  9:56  Nexus  
  128  9:57  Pylon  
  128  9:59  Pylon  
  128  10:01  Assimilator  
  128  10:02  Observer  
  128  10:05  Gravitic Boosters  
  129  10:07  Assimilator  
  129  10:08  Carrier  
  135  10:24  Observer  
  136  10:32  Probe  
  133  10:44  Protoss Shields Level 2  
  133  10:45  Observer, Probe  
  135  10:52  Carrier x2  
  135  10:57  Probe  
  148  10:58  Probe  
  149  11:10  Probe  
  150  11:21  Probe  
  150  11:23  Probe  
  152  11:29  Carrier, Probe  
  152  11:30  Carrier  
  164  11:35  Probe  
  164  11:38  Protoss Air Armor Level 1  
  164  11:39  Probe  
  166  11:47  Probe x2  
  169  11:51  Probe  
  170  11:59  Probe  
  171  12:03  Probe  
  172  12:11  Probe  
  172  12:15  Probe  
  174  12:19  Carrier x2  
  186  12:23  Probe  
  186  12:27  Probe  
  188  12:35  Probe  
  188  12:37  Carrier  
  195  12:38  Protoss Air Weapons Level 3  
  195  12:42  Pylon  
  195  12:45  Probe  
  195  13:43  Protoss Shields Level 3  
  185  14:05  Carrier x2  
  197  14:20  Protoss Air Armor Level 2  
  181  14:56  Carrier x2  
  193  15:09  Carrier  
  193  15:10  Extended Thermal Lance  
  136  17:36  Carrier x4  
  154  18:17  Protoss Air Armor Level 3  
  154  18:24  Pylon  
  154  18:25  Pylon  
  154  18:27  Pylon  
  154  18:29  Pylon  
  154  18:32  Colossus  
  154  18:40  Carrier x2  
  154  18:41  Carrier  
  172  18:43  Carrier  
  184  18:49  Protoss Ground Weapons Level 2  
  184  19:09  Nexus  
  184  19:12  Pylon  
  184  19:16  Assimilator  
  184  19:25  Colossus  
  190  20:09  Colossus  
  196  20:35  Forge  
Show
View Real Time Build Order
Export as new Build Order

Cthulhu Terran - Winner!

Build Orders: 2 Factory 

Get SALT Encoding   

  12  0:01  SCV  
  13  0:13  SCV  
  14  0:23  Supply Depot  
  14  0:28  SCV  
  15  0:51  Barracks  
  15  0:56  SCV  
  16  1:00  Refinery  
  16  1:13  SCV  
  17  1:25  Command Center  
  17  1:28  SCV  
  18  1:48  Supply Depot  
  18  1:49  Marine  
  19  1:54  Orbital Command  
  19  2:20  SCV  
  19  2:21  Marine  
  21  2:34  SCV  
  21  2:39  Marine  
  22  3:00  Bunker  
  22  3:02  Marine, SCV, Orbital Command  
  24  3:09  Factory  
  24  3:10  Refinery, Factory  
  24  3:24  Refinery  
  24  3:26  SCV  
  25  3:27  Refinery  
  25  3:44  Engineering Bay  
  25  3:46  SCV  
  25  3:47  SCV  
  27  4:06  SCV x2  
  27  4:07  Marine  
  30  4:18  SCV x2  
  30  4:23  Hellion  
  34  4:26  Widow Mine  
  36  4:34  SCV x2  
  36  4:36  Marine  
  39  4:46  Hellion  
  39  4:47  Factory Tech Lab  
  41  5:08  Marine, SCV x2  
  41  5:12  Factory Tech Lab  
  44  5:19  Supply Depot  
  44  5:21  SCV x2  
  46  5:31  Infernal Pre-Igniter  
  46  5:39  Siege Tank x2  
  52  5:43  SCV  
  52  5:44  Marine, SCV, Supply Depot  
  55  6:02  Marine  
  54  6:15  Missile Turret  
  54  6:17  Missile Turret  
  54  6:18  Missile Turret  
  54  6:21  Missile Turret  
  54  6:42  Missile Turret  
  54  6:44  Missile Turret  
  52  7:01  SCV  
  52  7:02  SCV, Siege Tank x2  
  52  7:04  Marine  
  61  7:18  Armory  
  61  7:21  Supply Depot  
  61  7:34  SCV x2  
  63  7:38  Siege Tank x2  
  69  7:46  SCV  
  69  7:47  Marine  
  71  8:07  Sensor Tower  
  71  8:18  Siege Tank x2  
  77  8:20  Sensor Tower  
  77  8:21  Terran Vehicle Weapons Level 1, Starport  
  77  8:39  Missile Turret  
  77  8:44  SCV  
  78  8:50  Marine  
  78  8:52  Supply Depot  
  79  8:59  Missile Turret  
  79  9:24  Starport Reactor  
  79  9:27  Thor x2  
  91  9:36  Factory  
  91  9:40  Factory  
  91  9:41  SCV x2  
  93  9:47  Marine  
  93  9:51  Supply Depot  
  85  10:23  Missile Turret  
  85  10:29  SCV x2  
  85  10:30  Marine, Thor  
  85  10:31  Thor  
  100  10:42  Sensor Tower  
  100  10:47  Hellion  
  102  10:51  Supply Depot  
  102  10:53  Hellion  
  104  11:20  SCV x2  
  104  11:21  Marine  
  104  11:22  Command Center, Factory Tech Lab  
  104  11:23  Factory Reactor  
  104  11:25  Siege Tank  
  110  11:33  Smart Servos  
  110  11:35  Viking  
  110  11:37  SCV  
  113  11:46  Marine  
  114  11:50  Hellion x2  
  110  12:30  Supply Depot  
  110  12:36  Barracks Tech Lab  
  110  12:37  Medivac  
  110  12:38  Viking  
  114  13:01  Sensor Tower  
  114  13:02  Orbital Command  
  114  13:08  Missile Turret  
  114  13:12  Missile Turret  
  115  13:27  SCV x2  
  116  13:37  Marine  
  65  15:07  Missile Turret  
  65  15:08  Missile Turret  
  62  15:16  SCV x2  
  62  15:17  Marine  
  62  15:20  Hellion x3  
  71  15:21  Siege Tank x2  
  77  15:35  Missile Turret  
  77  15:37  Missile Turret  
  77  15:42  Sensor Tower  
  77  15:50  Siege Tank  
  77  15:53  Thor, Viking x2, Siege Tank  
  93  15:57  Hellion x2  
  97  16:15  SCV  
  98  16:19  Hellion x2  
  98  16:22  Siege Tank  
  98  16:23  Viking  
  107  16:26  Siege Tank  
  107  16:30  SCV x3  
  107  16:31  Marine  
  114  16:32  Combat Shield  
  114  16:36  Siege Tank, Drilling Claws  
  117  16:40  Widow Mine x2  
  121  16:49  Marine  
  122  16:54  Siege Tank  
  122  16:58  Refinery, Command Center  
  125  17:01  Refinery  
  125  17:06  Refinery  
  125  17:07  Refinery  
  119  18:13  Stimpack  
  109  18:22  Orbital Command  
  109  18:39  Missile Turret  
  109  18:45  Siege Tank x2  
  109  18:46  Hellion x2  
  109  18:47  Sensor Tower  
  119  19:12  Factory Tech Lab  
  119  19:20  Marine  
  119  19:23  Hellion  
  119  19:24  Widow Mine x2  
  126  19:34  Command Center  
  126  19:38  Marine  
  127  19:45  Missile Turret  
  127  19:47  Missile Turret  
  127  19:51  Missile Turret  
  127  19:55  Missile Turret  
  126  20:08  Missile Turret  
  126  20:10  Missile Turret  
  126  20:19  Marine  
  127  20:22  Viking  
  127  20:23  Viking  
  127  20:24  Siege Tank  
  127  20:25  Siege Tank x2  
  127  20:28  Hellion x2  
  144  20:37  Marine  
  131  20:43  Hellion x3  
  128  20:57  Siege Tank x3  
  134  21:02  Hellion  
  134  21:03  Hellion  
  141  21:24  Hellion  
  123  21:29  Siege Tank  
  95  21:34  SCV x2  
Show
View Real Time Build Order
Export as new Build Order

Squall Terran 

Build Orders:  

Get SALT Encoding   

  12  0:00  SCV  
  13  0:25  Supply Depot  
  13  0:27  SCV  
  14  0:39  SCV  
  14  0:41  Refinery  
  15  0:51  SCV  
  15  0:56  Barracks  
  16  1:04  SCV  
  17  1:16  SCV  
  18  1:28  SCV  
  19  1:36  Command Center  
  19  1:40  SCV  
  20  1:52  Orbital Command  
  20  1:54  Reaper  
  21  2:20  Factory  
  21  2:21  SCV  
  22  2:33  Supply Depot, SCV  
  23  2:38  Barracks Tech Lab  
  23  2:48  SCV  
  24  2:56  Supply Depot  
  24  2:58  Orbital Command  
  24  3:00  SCV  
  25  3:12  SCV  
  26  3:19  Supply Depot  
  25  3:24  SCV  
  26  3:28  Factory Tech Lab  
  26  3:36  SCV  
  26  3:41  Refinery, Starport  
  27  3:44  Marine  
  27  3:47  SCV  
  29  3:48  SCV  
  29  3:49  Stimpack  
  30  3:56  Engineering Bay  
  30  3:59  SCV  
  30  4:00  SCV  
  30  4:02  Marine  
  33  4:11  SCV  
  34  4:18  Refinery  
  34  4:19  SCV  
  34  4:20  Marine  
  34  4:22  Refinery  
  34  4:23  SCV  
  37  4:25  Starport Tech Lab  
  37  4:27  Barracks  
  37  4:31  SCV  
  38  4:38  Marine  
  39  4:39  Terran Infantry Weapons Level 1  
  39  4:49  Missile Turret  
  39  4:52  Missile Turret  
  39  4:54  Raven  
  39  4:56  Marine  
  42  5:02  SCV  
  42  5:03  SCV  
  44  5:09  Supply Depot  
  44  5:14  SCV  
  44  5:15  SCV  
  44  5:17  Siege Tank  
  44  5:18  Barracks  
  44  5:19  Barracks Tech Lab  
  44  5:21  Barracks Reactor  
  49  5:26  SCV  
  49  5:27  SCV  
  51  5:28  Combat Shield  
  51  5:33  Supply Depot  
  51  5:38  SCV  
  51  5:39  SCV  
  53  5:51  SCV x2  
  53  5:52  Siege Tank  
  58  5:59  Supply Depot  
  58  6:00  Banshee  
  58  6:02  Cloaking Field  
  58  6:03  SCV x2  
  63  6:07  Starport  
  63  6:09  Marine x2  
  65  6:15  SCV  
  66  6:22  Supply Depot  
  66  6:26  Marine  
  66  6:27  Marine  
  68  6:40  Terran Infantry Armor Level 1  
  68  6:43  Banshee  
  68  6:44  Marine  
  68  6:45  Marine, Fusion Core  
  68  6:46  Supply Depot  
  73  7:02  Marine x2  
  73  7:04  Starport Tech Lab  
  73  7:07  Barracks Reactor, Command Center  
  75  7:10  Barracks  
  75  7:11  Supply Depot  
  75  7:26  Banshee  
  78  7:31  Marine, Marauder  
  78  7:32  Marine  
  78  7:33  Supply Depot  
  78  7:36  Siege Tank  
  85  7:45  Banshee  
  85  7:48  Marine  
  85  7:49  Marine x2  
  85  7:50  Marine  
  92  7:52  Marauder  
  92  7:53  Concussive Shells  
  92  7:56  Supply Depot  
  94  7:59  SCV x2  
  96  8:06  Marine  
  96  8:07  Marine x2  
  96  8:08  Marine  
  96  8:09  Banshee  
  96  8:11  SCV x2  
  105  8:14  Marauder  
  105  8:19  Supply Depot, Planetary Fortress  
  107  8:23  SCV x2  
  107  8:24  Marine  
  107  8:25  Marine x3  
  113  8:27  Missile Turret  
  113  8:35  SCV  
  114  8:42  Marine x2  
  116  9:08  Battlecruiser  
  116  9:09  Battlecruiser  
  128  9:10  Weapon Refit  
  128  9:17  Starport  
  128  9:19  Armory  
  128  9:23  Supply Depot  
  129  9:31  SCV  
  129  9:32  SCV x2  
  131  9:39  Refinery  
  131  9:40  Refinery  
  131  9:43  SCV  
  131  9:44  SCV x2  
  134  9:46  Supply Depot  
  134  9:55  SCV  
  134  9:56  SCV x2  
  137  10:07  SCV  
  137  10:08  SCV  
  137  10:09  Supply Depot  
  124  10:51  Starport Tech Lab  
  124  10:53  Battlecruiser x2  
  136  10:59  SCV x3  
  139  11:11  SCV x3  
  142  11:23  SCV x3  
  145  11:35  SCV  
  145  11:37  Terran Ship Weapons Level 1  
  146  11:40  Supply Depot  
  146  11:41  Armory  
  146  11:43  Battlecruiser  
  152  11:51  Command Center  
  151  11:54  Missile Turret  
  151  11:57  Battlecruiser x2  
  163  12:05  Supply Depot  
  154  12:28  Supply Depot  
  154  12:29  Terran Vehicle And Ship Armor Level 1  
  154  12:40  Marine  
  154  12:41  Marine x5  
  160  12:47  Battlecruiser  
  166  12:52  Supply Depot  
  166  12:58  Marine  
  166  12:59  Marine x5  
  166  13:01  Battlecruiser x2  
  184  13:16  Marine x2  
  184  13:17  Marine x4  
  190  13:34  Marine x6  
  194  13:51  Battlecruiser  
  142  15:14  Battlecruiser x3  
  160  15:16  Terran Ship Weapons Level 2  
  160  15:40  Planetary Fortress  
  160  16:18  Battlecruiser x3  
  141  17:22  Battlecruiser x3  
  104  17:36  Marine x6  
  108  17:42  Starport  
  108  17:46  Starport  
  107  17:53  Marine  
  107  17:54  Marine x5  
  113  18:10  Terran Infantry Weapons Level 2  
  113  18:11  Marine  
  113  18:12  Marine x5  
  119  18:26  Battlecruiser  
  119  18:27  Battlecruiser x2  
  137  18:29  Marine x2  
  137  18:30  Marine x4  
  137  18:33  Command Center  
  143  18:41  Starport Reactor  
  143  18:43  Starport Reactor  
  143  18:47  Marine x6  
  149  18:59  Refinery  
  149  19:04  Refinery  
  149  19:05  Marine x6  
  155  19:22  Marine  
  155  19:23  Marine x5  
  161  19:41  Marine x2  
  163  20:04  SCV x2  
  165  20:08  Planetary Fortress  
  165  20:16  SCV x2  
  167  20:28  SCV  
  168  21:00  Raven  
  69  22:10  Command Center  
  69  22:13  Command Center  
Show
View Real Time Build Order
Export as new Build Order

ZedsDead Terran 

Build Orders: Liberator Opening 

Get SALT Encoding   

  12  0:01  SCV  
  13  0:13  SCV  
  14  0:20  Supply Depot  
  14  0:25  SCV  
  15  0:41  SCV  
  16  0:43  Barracks  
  16  0:50  Refinery  
  16  0:54  SCV  
  17  1:06  SCV  
  18  1:18  SCV  
  19  1:32  Supply Depot, Orbital Command  
  19  1:33  Marine  
  19  1:39  Refinery  
  20  1:51  Marine  
  21  1:58  SCV, Factory  
  22  2:10  SCV  
  22  2:25  Command Center  
  22  2:27  SCV  
  24  2:43  Starport  
  24  2:44  SCV  
  24  2:45  Barracks Tech Lab  
  24  2:56  SCV  
  25  3:04  Marine, Barracks  
  26  3:08  SCV, Combat Shield  
  27  3:20  SCV  
  27  3:22  Marine  
  29  3:27  Starport Tech Lab  
  29  3:28  Supply Depot  
  29  3:31  Supply Depot  
  29  3:40  Marine  
  30  3:47  Orbital Command  
  30  3:55  Liberator  
  33  4:00  SCV  
  34  4:13  SCV  
  34  4:16  SCV  
  36  4:25  SCV  
  36  4:28  Starport  
  36  4:29  SCV  
  38  4:37  SCV  
  38  4:38  Barracks Reactor, Liberator  
  42  4:41  SCV  
  43  4:49  SCV  
  44  4:53  SCV, Engineering Bay x2  
  45  5:01  SCV  
  45  5:05  SCV, Starport Tech Lab  
  47  5:08  Fusion Core  
  47  5:13  SCV  
  48  5:16  Supply Depot  
  48  5:17  SCV  
  48  5:18  Marine x3, Supply Depot  
  52  5:25  SCV  
  53  5:29  SCV  
  53  5:30  Liberator  
  53  5:33  Liberator  
  60  5:35  Marine  
  60  5:36  Marine  
  60  5:37  Marine, Refinery  
  60  5:38  SCV  
  60  5:40  Refinery  
  60  5:41  SCV  
  65  5:46  Supply Depot  
  65  5:50  SCV  
  65  5:53  Marine, SCV  
  68  6:02  SCV  
  69  6:05  SCV  
  70  6:16  Marine x3  
  70  6:17  SCV  
  74  6:34  Marine x3  
  74  6:52  Marine x3  
  74  6:57  Medivac x2  
  78  7:04  SCV  
  79  7:10  Marine x3  
  82  7:16  SCV, Stimpack  
  82  7:22  Terran Infantry Armor Level 1, Terran Infantry Weapons Level 1  
  83  7:23  Command Center  
  83  7:26  Missile Turret  
  83  7:27  Marine, Medivac  
  86  7:39  Barracks  
  86  7:41  Barracks  
  86  7:57  Marine x3  
  83  8:04  Medivac  
  85  8:14  Marine, Supply Depot x2  
  85  8:16  Advanced Ballistics, Supply Depot  
  85  8:17  Supply Depot  
  86  8:25  Supply Depot x2  
  86  8:27  Supply Depot x2  
  86  8:28  Supply Depot  
  86  8:35  Marine x3, Medivac, Planetary Fortress  
  86  8:37  Supply Depot  
  91  8:48  SCV x2, Supply Depot  
  93  8:51  Refinery  
  93  8:52  Marine x3  
  93  8:53  Refinery  
  96  8:56  Liberator  
  96  8:59  Barracks Reactor  
  96  9:00  SCV x2  
  101  9:04  Barracks Reactor  
  101  9:10  Marine x2  
  101  9:11  Liberator  
  101  9:12  SCV x2  
  108  9:20  Supply Depot x2  
  108  9:21  Supply Depot  
  108  9:24  SCV  
  108  9:28  Marine  
  110  9:39  Armory, Liberator  
  113  9:54  Liberator  
  116  10:05  SCV  
  117  10:10  SCV, Supply Depot  
  118  10:14  SCV  
  118  10:17  SCV  
  118  10:21  Marine x7  
  122  10:22  SCV, Liberator  
  122  10:26  SCV  
  132  10:29  SCV  
  133  10:36  Terran Ship Weapons Level 1  
  133  10:37  Liberator  
  133  10:38  Marine, Terran Infantry Armor Level 2, Terran Infantry Weapons Level 2, SCV  
  133  10:39  Marine x6  
  133  10:41  SCV  
  145  10:47  Starport  
  145  10:48  Starport  
  145  10:50  SCV  
  145  10:56  Marine x2  
  145  10:57  Marine x5  
  148  11:03  SCV, Command Center  
  154  11:04  Liberator  
  157  11:14  Marine x4  
  157  11:15  Marine, SCV  
  163  11:23  Marine x2  
  165  11:27  SCV  
  165  11:29  Starport Reactor, Starport Tech Lab  
  165  11:32  Marine x5, Liberator  
  172  11:39  SCV  
  175  11:41  Marine x2, Supply Depot  
  177  11:47  Liberator x2  
  177  11:50  Marine  
  184  12:22  Liberator  
  187  12:23  Medivac x2  
  191  12:30  Raven, Medivac  
  191  12:31  Marine  
  191  12:32  Marine x4  
  191  12:35  Terran Vehicle And Ship Armor Level 1  
  200  12:42  Supply Depot  
  200  12:44  Supply Depot  
  161  13:56  Marine x4  
  161  13:57  Marine x3  
  168  14:08  Medivac x5  
  178  14:14  Marine x5  
  181  14:38  Medivac, Liberator  
  157  15:22  Marine x6  
  157  15:23  Marine  
  164  15:39  Marine, SCV x2  
  164  15:40  Marine x3, SCV  
  171  15:43  Planetary Fortress  
  171  15:46  Refinery  
  171  15:51  SCV x2  
  171  15:52  SCV  
  174  15:59  Marine x3  
  174  16:00  Marine x4  
  181  16:05  Medivac  
  181  16:07  Medivac x2  
  187  16:17  Marine x4  
  187  16:18  Marine x3  
  194  16:35  Marine x4, Medivac  
  194  17:02  Marine x3  
  194  17:03  Marine x3  
  183  17:55  Marine x3  
  183  17:56  Marine x4  
  158  18:13  Marine x4  
  158  18:14  Marine x3  
  165  18:31  Marine x6  
  165  18:32  Marine  
  172  18:38  Liberator x2  
  178  18:49  Marine x7  
  178  18:51  Liberator  
  178  18:53  Raven, Liberator  
  193  19:02  Terran Vehicle And Ship Armor Level 2  
  193  19:06  Marine  
  193  19:07  Marine x5  
  193  19:08  Terran Infantry Armor Level 3, Terran Infantry Weapons Level 3  
  199  19:23  Command Center  
  192  20:55  Liberator x2  
  121  21:45  Marine x5  
  121  21:46  Marine x2  
  102  21:52  Medivac x3  
  114  22:03  Marine x6  
  114  22:04  Marine, Refinery  
Tags
 
Add a new tag
Caveats
  • Supply blocks, unpowered buildings, or Contaminate may cause inaccurate times.
  • Supply counts are checked every 10 seconds.